 Dungeon Crawl Stone Soup version 0.28-a0-108-g844de0d849 (webtiles) character file.

Game seed: 4252051112564137527

329985 cccccccc the Eclecticist (level 20, -10/141 HPs)
             Began as a Deep Elf Air Elementalist on Aug 10, 2021.
             Was the Champion of Vehumet.
             Shot with a bolt by a yaktaur captain (38 damage)
             ... on level 3 of the Vaults on Aug 12, 2021.
             The game lasted 04:12:46 (59126 turns).

cccccccc the Eclecticist (DEAE)                    Turns: 59126, Time: 04:12:47

Health: -10/141    AC: 11    Str: 13    XL:     20   Next: 84%
Magic:  42/54      EV: 19    Int: 39    God:    Vehumet [******]
Gold:   4597       SH:  0    Dex: 13    Spells: 5/58 levels left

rFire   . . .      SeeInvis +   b - staff of air
rCold   + . .      Faith    .   I - +3 buckler
rNeg    . . .      Spirit   .   A - +0 robe of Edyj {Will+ Str+8 Int+3 Dex-2}
rPois   .          Reflect  .   B - +0 helmet "Loecauk" {+Inv rElec Stlth-}
rElec   +          Harm     .   r - +1 cloak of the Jackalope {Regen+ Int+3 SInv}
rCorr   .          Rampage  .   V - +2 pair of gloves
Will    +++..                   c - +2 pair of boots
Stlth   ..........              J - amulet of Vitality {Regen+ HP+15}
HPRegen 2.33/turn               T - ring of wizardry
MPRegen 0.34/turn               k - ring of Mistrust {rC+ MP+9 Int+3}

@: confused, ambrosia-drunk, very slightly contaminated, studying Hexes,
invisible
A: no striking features
}: 2/15 runes: decaying, serpentine
a: Renounce Religion, Evoke Invisibility


You were on level 3 of the Vaults.
You worshipped Vehumet.
Vehumet was exalted by your worship.
You visited 7 branches of the dungeon, and saw 35 of its levels.
You visited 1 bazaar.
You also visited: Bailey.

You collected 5443 gold pieces.
You spent 846 gold pieces at shops.

Inventory:

Missiles
 f - a throwing net
Armour
 c - a +2 pair of boots (worn)
 r - the +1 cloak of the Jackalope (worn) {Regen+ Int+3 SInv}
   (You found it on level 7 of the Dungeon)

   Int:       It affects your intelligence (+3).
   SInv:      It lets you see invisible.
   Regen:     It increases your rate of health regeneration.
 A - the +0 robe of Edyj (worn) {Will+ Str+8 Int+3 Dex-2}
   (You found it in a bailey)

   Str:       It affects your strength (+8).
   Int:       It affects your intelligence (+3).
   Dex:       It affects your dexterity (-2).
   Will:      It increases your willpower.
 B - the +0 helmet "Loecauk" (worn) {+Inv rElec Stlth-}
   (You found it in a bailey)

   rElec:     It insulates you from electricity.
   +Inv:      It lets you turn invisible.
   Stlth:     It makes you less stealthy.
 I - a +3 buckler (worn)
 V - a +2 pair of gloves (worn)
Magical Staves
 a - a staff of fire
 b - a staff of air (weapon)
 i - a staff of cold
 v - a staff of conjuration
Jewellery
 k - the ring of Mistrust (right hand) {rC+ MP+9 Int+3}
   (You acquired it on level 6 of the Dungeon)

   [ring of magical power]

   Int:       It affects your intelligence (+3).
   rC:        It protects you from cold.
   MP:        It affects your magic capacity (+9).
 s - the ring "Vehoa" {rN+ EV+4 Dex+3}
   (You acquired it on level 6 of the Dungeon)

   [ring of evasion]

   EV:        It affects your evasion (+4).
   Dex:       It affects your dexterity (+3).
   rN:        It protects you from negative energy.
 G - a ring of see invisible
 J - the amulet of Vitality (around neck) {Regen+ HP+15}
   (You acquired it on level 10 of the Dungeon)

   [amulet of regeneration]

   HP:        It affects your health (+15).
   Regen:     It increases your rate of health regeneration.
 S - a ring of resist corrosion
 T - a ring of wizardry (left hand)
 X - the ring "Ruxzeff" {rPois rF+ rC++ Int-3}
   (You found it on level 2 of the Lair of Beasts)

   [ring of poison resistance]

   Int:       It affects your intelligence (-3).
   rF:        It protects you from fire.
   rC:        It greatly protects you from cold.
   rPois:     It protects you from poison.
Wands
 x - a wand of digging (3)
 y - a wand of acid (17)
 F - a wand of iceblast (33)
 U - a wand of mindburst (25)
Scrolls
 e - a scroll of brand weapon
 g - 2 scrolls of fog
 j - 3 scrolls of amnesia
 l - 3 scrolls of magic mapping
 n - a scroll of acquirement
 o - 7 scrolls of enchant weapon
 p - a scroll of enchant armour
 z - 2 scrolls of silence
 C - a scroll of fear
 E - 8 scrolls of identify
 Q - 14 scrolls of teleportation
 Z - 7 scrolls of holy word
Potions
 d - 7 potions of flight
 h - a potion of cancellation
 m - 2 potions of resistance
 q - 7 potions of brilliance
 u - 3 potions of berserk rage
 D - a potion of invisibility
 H - 6 potions of lignification
 L - 10 potions of ambrosia
 M - 7 potions of mutation
 P - 7 potions of curing
 R - a potion of haste
 W - 3 potions of might
 Y - 3 potions of magic
Miscellaneous
 t - a phial of floods
 w - a phial of floods
 K - a tin of tremorstones (2/2)


   Skills:
 + Level 13.6 Fighting
 - Level 15.0 Dodging
 - Level 2.4 Stealth
 - Level 4.0 Shields
 + Level 19.7 Spellcasting
 + Level 17.1 Conjurations
 + Level 19.2 Fire Magic
 + Level 14.5 Air Magic


You had 5 spell levels left.
You knew the following spells:

 Your Spells              Type           Power      Damage    Failure   Level
a - Fireball              Conj/Fire      55%        3d21      0%          5
b - Swiftness             Air            100%       N/A       0%          3
c - Chain Lightning       Conj/Air       63%        3d84      12%         9
d - Foxfire               Conj/Fire      100%       2x1d9     0%          1
e - Poisonous Vapours     Pois/Air       100%       N/A       1%          2
f - Searing Ray           Conj           100%       3d7       0%          2
g - Inner Flame           Hex/Fire       85%        N/A       1%          3
h - Shock                 Conj/Air       100%       1d9       0%          1
j - Freezing Cloud        Conj/Ice/Air   55%        6-21      1%          5
q - Fire Storm            Conj/Fire      55%        8d14      4%          9
s - Ignition              Fire           56%        3d15      1%          8
x - Lightning Bolt        Conj/Air       63%        1d87      1%          5

Your spell library contained the following spells:

 Spells                   Type           Power      Damage    Failure   Level
 Polar Vortex             Ice            19%        N/A       100%        9
 Shatter                  Erth           19%        3d17*     100%        9
 Magic Dart               Conj           100%       1d8       0%          1
 Static Discharge         Conj/Air       100%       N/A       0%          2
 Conjure Flame            Conj/Fire      100%       6-21      0%          3
 Airstrike                Air            61%        N/A       0%          4
 Sticky Flame             Conj/Fire      100%       2d11      0%          4
 Iskenderun's Battlesphe  Conj           100%       2d15      0%          5
 Animate Skeleton         Necr           76%        N/A       1%          1
 Corona                   Hex            42%        N/A       1%          1
 Freeze                   Ice            100%       1d11      1%          1
 Pain                     Necr           100%       1d9       1%          1
 Sting                    Tmut/Pois      100%       1d8       1%          1
 Call Imp                 Summ           38%        N/A       1%          2
 Ensorcelled Hibernation  Hex/Ice        76%        N/A       1%          2
 Dazzling Flash           Conj/Hex       100%       N/A       1%          3
 Frozen Ramparts          Ice            76%        1d9       1%          3
 Gell's Gravitas          Tloc           19%        N/A       1%          3
 Ignite Poison            Fire/Tmut/Pois 73%        N/A       1%          3
 Lesser Beckoning         Tloc           19%        N/A       1%          3
 Mephitic Cloud           Conj/Pois/Air  100%       N/A       1%          3
 Teleport Other           Tloc           38%        N/A       1%          3
 Tukima's Dance           Hex            38%        N/A       1%          3
 Vampiric Draining        Necr           19%        2d8       1%          3
 Fulminant Prism          Conj/Hex       40%        3d20      1%          4
 Hailstorm                Conj/Ice       81%        3d16      1%          4
 Iskenderun's Mystic Bla  Conj/Tloc      81%        2d16      1%          4
 Olgreb's Toxic Radiance  Pois           38%        N/A       1%          4
 Bolt of Magma            Conj/Fire/Erth 46%        4d19      1%          5
 Irradiate                Conj/Tmut      40%        3d27      1%          5
 Leda's Liquefaction      Hex/Erth       19%        N/A       2%          4
 Petrify                  Tmut/Erth      38%        N/A       2%          4
 Summon Ice Beast         Ice/Summ       38%        N/A       2%          4
 Lee's Rapid Deconstruct  Erth           19%        3d12*     2%          5
 Yara's Violent Unravell  Hex/Tmut       19%        3d9       2%          5
 Metabolic Englaciation   Hex/Ice        19%        N/A       8%          5
 Summon Forest            Summ/Tloc      19%        N/A       8%          5
 Summon Mana Viper        Hex/Summ       38%        N/A       8%          5
 Conjure Ball Lightning   Conj/Air       63%        3x3d23    1%          6
 Starburst                Conj/Fire      55%        8x6d15    1%          6
 Orb of Destruction       Conj           53%        9d16      1%          7
 Maxwell's Capacitive Co  Air            61%        ∞         1%          8
 Spellforged Servitor     Conj/Summ      40%        N/A       2%          7
 Eringya's Noxious Bog    Tmut/Pois      19%        N/A       12%         6
 Dispersal                Tloc           19%        N/A       38%         6
 Statue Form              Tmut/Erth      25%        N/A       38%         6
 Monstrous Menagerie      Summ           19%        N/A       90%         7
 Summon Hydra             Summ           19%        N/A       90%         7
 Disjunction              Tloc           19%        N/A       100%        8


Dungeon Overview and Level Annotations

Branches:
Dungeon (15/15)            Temple (1/1) D:4            Lair (6/6) D:11
  Swamp (4/4) Lair:4        Snake (4/4) Lair:3        Slime (0/5) Lair:5
    Orc (2/2) D:11            Elf (0/3) Orc:2        Vaults (3/5) D:13
  Crypt (0/3) Vaults:2     Depths (0/5) D:15         Bailey (visited)

Altars:
Ashenzari
Cheibriados
Dithmenos
Elyvilon
Fedhas
Gozag
Hepliaklqana
Kikubaaqudgha
Makhleb
Nemelex Xobeh
Okawaru
Qazlal
Ru
Sif Muna
Trog
Uskayaw
Vehumet
Wu Jian
Xom
Yredelemnul
Zin
The Shining One
Jiyva
Lugonu

Shops:
D:10 !   Orc:2 =*[(**   Snake:2 [   Snake:3 [?

Portals:
Abyss: Lair:5

Annotations:
D:14 3 runed translucent doors, Noyleozela's ghost, journeyman DEFE; Roxanne
Vaults:2 2 exclusions


Message History

Aim: a yaktaur captain, wielding a +0 arbalest and quivering bolts (moderately wounded, 90% to hit)
You feel a surge of power!
You hear a mighty clap of thunder!
The bolt of lightning hits the yaktaur captain.
The yaktaur captain is moderately wounded.
You hear a shout!
You hear a howl!
The yaktaur captain shoots a bolt.
The bolt hits you!!!
The yaktaur captain shoots a bolt.
The bolt hits you!!!
* * * LOW HITPOINT WARNING * * *
Okay, then.
Unknown command.
Press: ? - help, v - describe, . - travel
Here: a yaktaur captain, wielding a +0 arbalest and quivering bolts (moderately wounded)
The floor, spattered with blood.
Press: ? - help, v - describe, . - travel
Here: a yaktaur captain, wielding a +0 arbalest and quivering bolts (moderately wounded)
The floor, spattered with blood.
Press: ? - help, v - describe, . - travel The floor, spattered with blood.
Casting: Lightning Bolt (safe; 1% risk of failure)
Confirm with . or Enter, or press ? or * to list all spells.
Okay, then.
Casting: Lightning Bolt (safe; 1% risk of failure)
Confirm with . or Enter, or press ? or * to list all spells.
Aiming: Lightning Bolt (safe; 1% risk of failure)
Press: ? - help, Shift-Dir - straight line, f/p - yaktaur captain
Aim: a yaktaur captain, wielding a +0 arbalest and quivering bolts (moderately wounded, 90% to hit)
Okay, then.
Unknown command.
Press: ? - help, v - describe, . - travel
Here: a yaktaur captain, wielding a +0 arbalest and quivering bolts (moderately wounded)
The floor, spattered with blood.
Unknown command.
Unknown command.
Okay, then.
You fade into invisibility!
You are very lightly contaminated with residual magic.
You are confused.
You feel invigorated.
The yaktaur captain shoots a bolt.
The bolt hits you!!!
You die...

............................#####
............................#....
............................'....
............................#....
################'############....
#.......# #.... #.......# #....
#.......# #.... #.....@.# #####
#...>...# #.......# #.......#
##c###### #.......# #...###...#
#... ....# ... .....#


You could see a yaktaur captain.

Vanquished Creatures
  the Lernaean hydra (Swamp:4)
  Saint Roka (Orc:1)
  Margery (Vaults:2)
  Vashnia (Snake:2)
  Jorgrun (Orc:2)
  2 quicksilver dragons (Snake:4)
  A sphinx (Vaults:2)
  Gastronok (Orc:1)
  Kirke (Swamp:1)
  5 thorn hunters
  A tengu reaver (Vaults:2)
  A fenstrider witch (Swamp:4)
  8 nagarajas
  2 orc warlords
  6 vault wardens
  Louise (Snake:3)
  4 ghouls (Swamp:4)
  4 very ugly things
  11 ironbound preservers
  Nessos (D:14)
  2 entropy weavers
  A deep elf demonologist (Vaults:2)
  4 bunyips
  7 dire elephants
  Snorg (Orc:2)
  3 shambling mangroves
  An ettin (D:15)
  The ghost of molind the Thaumaturge, a journeyman DjFE of Elyvilon (Orc:2)
  A fire dragon (D:14)
  5 yaktaur captains
  5 eleionomae
  2 ironbound thunderhulks
  2 great orbs of eyes
  4 vault guards
  30 hydras
  Harold (D:8)
  3 salamander tyrants (Snake:4)
  A ghost crab (Swamp:2)
  14 naga warriors
  A merfolk avatar (Lair:6)
  An ogre mage (D:15)
  5 anacondas
  A catoblepas (Lair:6)
  6 boulder beetles
  25 centaur warriors
  4 ironbound frosthearts
  9 two-headed ogres
  Erica (D:9)
  9 death yaks
  10 alligators
  5 orc high priests
  22 naga sharpshooters
  Urug (Lair:5)
  13 shock serpents
  10 ironbound beastmasters
  3 tengu warriors
  Nergalle (Lair:2)
  5 hell knights (Vaults:2)
  Sonja (Lair:2)
  4 skeletal warriors (D:15)
  3 salamander mystics
  2 spriggan druids
  5 goliath frogs
  3 sea snakes
  33 deep trolls
  9 swamp dragons
  7 naga ritualists
  5 wizards
  A bog body (Lair:4)
  11 lindwurms
  Pikel (D:5)
  8 ironbound convokers
  9 orc knights
  3 necromancers
  3 deep elf pyromancers
  A harpy (shapeshifter) (D:13)
  10 mana vipers
  7 orc sorcerers
  21 ugly things
  3 harpies
  A manticore (D:14)
  13 salamanders
  6 cyclopes
  2 will-o-the-wisps
  2 oklob plants (Swamp:2)
  A salamander (shapeshifter) (D:15)
  21 elephants
  The ghost of Tutankhamun the Basher, a novice GrBe of Trog (D:5)
  A moth of wrath (shapeshifter) (D:15)
  39 black mambas
  Maurice (D:9)
  11 vault sentinels
  9 guardian serpents
  23 naga magi
  3 rime drakes
  14 cane toads
  An efreet (D:13)
  13 komodo dragons
  13 yaktaurs
  7 trolls
  10 tyrant leeches
  2 jumping spiders
  6 polar bears
  A queen bee (D:11)
  10 hornets
  A wind drake (Lair:6)
  A bloated husk (Swamp:3)
  18 blink frogs
  27 slime creatures
  6 dream sheep
  A redback (Vaults:3)
  5 spriggans
  2 shadows
  4 wraiths
  3 vampires
  7 basilisks
  24 yaks
  9 vampire mosquitoes
  7 wyverns
  5 hogs (Swamp:1)
  6 steam dragons
  15 swamp worms
  A warg (Orc:2)
  38 nagas
  3 acid dragons
  13 water moccasins
  9 swamp drakes
  48 orc warriors
  An ice beast (D:7)
  A necrophage (Swamp:4)
  2 sky beasts
  10 ogres
  6 wolves
  3 boggarts (Vaults:1)
  11 centaurs
  A lemure (D:5)
  A kobold brigand (D:6)
  21 bullfrogs
  A scorpion (D:6)
  4 wights (D:8)
  30 killer bees
  3 electric eels (Lair:5)
  3 howler monkeys (D:9)
  A bullfrog zombie (D:6)
  8 centaur zombies
  20 orc priests
  A centaur skeleton (D:6)
  2 hounds
  2 jellies
  A gnoll shaman (D:7)
  4 iguanas
  38 orc wizards
  A killer bee zombie (D:7)
  A bullfrog simulacrum (D:5)
  3 centaur simulacra (D:5)
  A scorpion simulacrum (D:5)
  5 howler monkey zombies
  6 adders
  4 gnolls (D:7)
  2 white imps
  A howler monkey simulacrum (D:5)
  An ufetubus (D:6)
  3 worms
  A dart slug (D:2)
  112 orcs
  6 ball pythons
  4 bats
  7 endoplasms
  3 giant cockroaches
  12 goblins
  7 hobgoblins
  3 jackals (D:1)
  13 kobolds
  A quokka (D:3)
  4 frilled lizards
  7 rats
  14 briar patches (Swamp:2)
  A bush (D:1)
1286 creatures vanquished.

Vanquished Creatures (others)
  A spriggan air mage (Swamp:3)
  A centaur warrior (D:13)
  A swamp dragon (Swamp:3)
  A bloated husk (Swamp:3)
  319 foxfires
  45 fungi
  2 lurking horrors (Lair:5)
  93 plants
463 creatures vanquished.

Grand Total: 1749 creatures vanquished

Notes
Turn   | Place    | Note
-------+----------+-------------------------------------------
     0 | D:1      | cccccccc the Deep Elf Air Elementalist began the quest for
                  | the Orb.
     0 | D:1      | Reached XP level 1. HP: 10/10 MP: 6/6
   262 | D:1      | Reached XP level 2. HP: 16/16 MP: 5/8
   463 | D:1      | Found a faded altar of an unknown god.
   998 | D:1      | Reached XP level 3. HP: 20/20 MP: 6/9
  1989 | D:2      | Reached skill level 1 in Fighting
  2102 | D:2      | Learned a level 3 spell: Swiftness
  2296 | D:2      | Reached XP level 4. HP: 25/25 MP: 5/11
  3728 | D:3      | Noticed a water moccasin
  3740 | D:3      | Killed a water moccasin
  3741 | D:3      | Reached XP level 5. HP: 21/29 MP: 2/13
  4041 | D:4      | Reached skill level 1 in Shields
  4065 | D:4      | Found a staircase to the Ecumenical Temple.
  4076 | Temple   | Entered the Ecumenical Temple
  4383 | Temple   | Became a worshipper of Vehumet
  4617 | D:4      | Reached XP level 6. HP: 35/35 MP: 9/14
  5125 | D:5      | Entered Level 5 of the Dungeon
  5559 | D:5      | Noticed Tutankhamun's ghost (novice GrBe)
  5881 | D:5      | Noticed Pikel
  5911 | D:5      | Killed Pikel
  5912 | D:5      | Reached skill level 5 in Spellcasting
  5912 | D:5      | Reached XP level 7. HP: 8/40 MP: 6/17
  6175 | D:5      | Found a runed translucent gate.
  6175 | D:5      | Found a runed translucent gate.
  6175 | D:5      | Found a runed translucent gate.
  6585 | D:6      | Identified a scroll of acquirement
  6585 | D:6      | Acquired 1179 gold pieces
  6673 | D:6      | Noticed a troll
  6720 | D:6      | Reached skill level 5 in Dodging
  6804 | D:6      | Reached XP level 8. HP: 45/46 MP: 5/18
  7080 | D:6      | Reached skill level 5 in Air Magic
  7527 | D:6      | Acquired the ring of Mistrust {rC+ MP+9 Int+3}
  7529 | D:6      | Acquired the ring "Vehoa" {rN+ EV+4 Dex+3}
  7530 | D:6      | Acquired a staff of air
  7828 | D:5      | Learned a level 5 spell: Lightning Bolt
  8104 | D:6      | Killed a troll
  8105 | D:6      | Reached skill level 5 in Conjurations
  8639 | D:7      | Reached XP level 9. HP: 37/52 MP: 21/21
  8652 | D:6      | Reached * piety under Vehumet
  8652 | D:6      | Offered knowledge of Foxfire by Vehumet.
  8840 | D:6      | Learned a level 1 spell: Foxfire
  9246 | D:7      | Acquired Hargh's Catalogue of Blows and Bruises
  9453 | D:7      | Reached skill level 1 in Fire Magic
  9692 | D:7      | Identified the +1 cloak of the Jackalope {Regen+ Int+3
                  | SInv}
  9880 | D:8      | Found a flagged portal.
  9888 | Bailey   | Entered a bailey
 10139 | Bailey   | Offered knowledge of Poisonous Vapours by Vehumet.
 10143 | Bailey   | Learned a level 2 spell: Poisonous Vapours
 10161 | Bailey   | Reached ** piety under Vehumet
 10345 | Bailey   | Identified the +0 robe of Edyj {Will+ Str+8 Int+3 Dex-2}
 10347 | Bailey   | Identified the +0 helmet "Loecauk" {+Inv rElec Stlth-}
 10744 | D:8      | Noticed Harold
 10792 | D:8      | Killed Harold
 10793 | D:8      | Reached XP level 10. HP: 43/58 MP: 24/24
 11506 | D:9      | Noticed Maurice
 11704 | D:9      | Killed Maurice
 11705 | D:9      | Reached skill level 5 in Fighting
 11705 | D:9      | Noticed Erica
 11706 | D:9      | Noticed a two-headed ogre
 11720 | D:9      | Killed a two-headed ogre
 11891 | D:9      | Killed Erica
 12327 | D:9      | Found a shimmering altar of Xom.
 12934 | D:9      | Offered knowledge of Searing Ray by Vehumet.
 12938 | D:9      | Learned a level 2 spell: Searing Ray
 13110 | D:10     | Entered Level 10 of the Dungeon
 13184 | D:10     | Reached skill level 5 in Fire Magic
 13312 | D:10     | Reached XP level 11. HP: 64/64 MP: 13/26
 13450 | D:10     | Reached *** piety under Vehumet
 13875 | D:10     | Acquired the amulet of Vitality {Regen+ HP+15}
 13876 | D:10     | Found the amulet of Vitality {Regen+ HP+15}
 14001 | D:10     | Found Yteem's Distillery.
 14009 | D:10     | Bought a potion of degeneration for 14 gold pieces
 14103 | D:10     | Reached skill level 10 in Spellcasting
 14106 | D:10     | Offered knowledge of Inner Flame by Vehumet.
 14111 | D:10     | Learned a level 3 spell: Inner Flame
 14651 | D:11     | Noticed a four-headed hydra
 14665 | D:10     | Killed a four-headed hydra
 14762 | D:11     | Found a staircase to the Lair.
 14835 | D:11     | Noticed a seven-headed hydra
 14870 | D:11     | Killed a seven-headed hydra
 15418 | D:11     | Reached **** piety under Vehumet
 15589 | D:11     | Noticed a centaur warrior
 15598 | D:11     | Killed a centaur warrior
 15788 | D:11     | Noticed a deep elf pyromancer
 15791 | D:11     | Noticed a seven-headed hydra
 15794 | D:11     | Killed a seven-headed hydra
 15795 | D:11     | Reached XP level 12. HP: 71/71 MP: 24/28
 15798 | D:11     | Reached skill level 10 in Dodging
 15968 | D:11     | Noticed a two-headed ogre
 15991 | D:11     | Offered knowledge of Fireball by Vehumet.
 15992 | D:11     | Killed a two-headed ogre
 16001 | D:11     | Learned a level 5 spell: Fireball
 17463 | D:11     | Found a staircase to the Orcish Mines.
 17913 | D:12     | Noticed a centaur warrior
 17930 | D:11     | Killed a centaur warrior
 18222 | D:12     | Noticed a boulder beetle
 18226 | D:12     | Killed a boulder beetle
 18721 | D:13     | Noticed a centaur warrior
 18727 | D:13     | Killed a centaur warrior
 18736 | D:13     | Noticed a centaur warrior
 18737 | D:13     | Noticed a centaur warrior
 18739 | D:13     | Upgraded the game from 0.28-a0-100-g47d82705ae to
                  | 0.28-a0-105-g49a0850c41
 18745 | D:13     | Noticed an ironbound preserver
 18751 | D:13     | Noticed a boulder beetle
 18752 | D:13     | Killed a centaur warrior
 18754 | D:13     | Found a gate to the Vaults.
 18772 | D:13     | Killed a centaur warrior
 18785 | D:13     | Killed an ironbound preserver
 18988 | D:13     | Killed a boulder beetle
 18988 | D:13     | Reached ***** piety under Vehumet
 18989 | D:13     | Reached skill level 10 in Conjurations
 19118 | D:13     | Noticed a centaur warrior
 19132 | D:13     | Killed a centaur warrior
 19132 | D:13     | Offered knowledge of Yara's Violent Unravelling by Vehumet.
 19133 | D:13     | Reached XP level 13. HP: 72/78 MP: 31/31
 19157 | D:12     | Learned a level 5 spell: Yara's Violent Unravelling
 20298 | Lair:1   | Entered Level 1 of the Lair of Beasts
 20493 | Lair:1   | Reached skill level 10 in Air Magic
 21477 | Lair:2   | Noticed Nergalle
 21484 | Lair:2   | Killed Nergalle
 21739 | Lair:2   | Identified the ring "Ruxzeff" {rPois rF+ rC++ Int-3}
 22120 | Lair:2   | Noticed Sonja
 22121 | Lair:2   | Killed Sonja
 23687 | Lair:3   | Found a staircase to the Snake Pit.
 23897 | Lair:3   | Identified the +7 fustibalus of Ymaafuizang {flame, rElec
                  | rC+ Str-3 Int+4}
 24256 | Lair:4   | Reached XP level 14. HP: 84/84 MP: 28/33
 24906 | Lair:4   | Found a staircase to the Swamp.
 25645 | Lair:5   | Noticed Urug
 25647 | Lair:5   | Killed Urug
 25675 | Lair:5   | Reached skill level 10 in Fire Magic
 25676 | Lair:5   | Offered knowledge of Freezing Cloud by Vehumet.
 25918 | Lair:5   | Learned a level 5 spell: Freezing Cloud
 26081 | Lair:5   | Found a one-way gate to the infinite horrors of the Abyss.
 26081 | Lair:5   | Found a corrupted altar of Lugonu.
 26670 | Lair:5   | Found a viscous altar of Jiyva.
 26670 | Lair:5   | Found a staircase to the Slime Pits.
 26824 | Lair:6   | Entered Level 6 of the Lair of Beasts
 28337 | Lair:6   | Offered knowledge of Irradiate by Vehumet.
 28370 | Lair:5   | Learned a level 5 spell: Irradiate
 28526 | Lair:6   | Reached XP level 15. HP: 91/91 MP: 24/35
 29457 | D:14     | Found a runed translucent gate.
 29458 | D:14     | Found a runed translucent gate.
 29458 | D:14     | Found a runed translucent gate.
 29460 | D:14     | Noticed Noyleozela's ghost (journeyman DEFE)
 29685 | D:14     | Noticed Nessos
 29689 | D:14     | Killed Nessos
 30876 | D:14     | Identified the +9 flail of Plog {vorpal, Int+4}
 31001 | D:14     | Identified Roxanne's Handbook of Earth
 31001 | D:14     | Noticed Roxanne
 31386 | D:5      | Killed Tutankhamun's ghost
 31584 | D:15     | Entered Level 15 of the Dungeon
 32478 | D:15     | Reached skill level 10 in Fighting
 33278 | D:15     | Found a staircase to the Depths.
 33647 | Orc:1    | Entered Level 1 of the Orcish Mines
 33759 | Orc:2    | Entered Level 2 of the Orcish Mines
 33765 | Orc:2    | Found a staircase to the Elven Halls.
 34061 | Orc:2    | Reached skill level 15 in Spellcasting
 34107 | Orc:2    | Noticed Snorg
 34111 | Orc:2    | Killed Snorg
 34111 | Orc:2    | Offered knowledge of Ozocubu's Refrigeration by Vehumet.
 34385 | Orc:2    | Noticed Saint Roka
 34514 | Orc:1    | Killed Saint Roka
 34603 | Orc:2    | Reached XP level 16. HP: 97/97 MP: 29/37
 35924 | Orc:2    | Found Hurer's Overcharged Wands.
 35984 | Orc:2    | Found Etred's Assorted Antiques.
 35987 | Orc:2    | Found a runed translucent door.
 36277 | Orc:2    | Found Galaeh's Antique Armour Emporium.
 36278 | Orc:2    | Found Fahus's Antique Weapon Shoppe.
 36281 | Orc:2    | Found Volokhlo's General Store.
 36281 | Orc:2    | Found Ewax's Jewellery Emporium.
 36406 | Orc:2    | Noticed molind's ghost (journeyman DjFE)
 36729 | Orc:2    | Killed molind's ghost
 36798 | Orc:2    | Bought a scroll of acquirement for 832 gold pieces
 36798 | Orc:2    | Acquired 1017 gold pieces
 37118 | Orc:1    | Noticed Jorgrun
 37132 | Orc:2    | Killed Jorgrun
 37214 | Orc:2    | Reached ****** piety under Vehumet
 37224 | Orc:1    | Noticed Gastronok
 37228 | Orc:1    | Killed Gastronok
 37236 | Orc:1    | Offered knowledge of Iron Shot by Vehumet.
 37349 | Orc:1    | You fall into a shaft and drop 1 floor!
 38124 | Swamp:1  | Entered Level 1 of the Swamp
 38323 | Swamp:1  | Noticed Kirke
 38662 | Swamp:1  | Killed Kirke
 39384 | Swamp:2  | Noticed a thorn hunter
 39388 | Swamp:2  | Killed a thorn hunter
 39655 | Swamp:2  | Noticed a thorn hunter
 39657 | Swamp:2  | Killed a thorn hunter
 39658 | Swamp:2  | Reached skill level 15 in Dodging
 39748 | Swamp:2  | Noticed a thorn hunter
 39750 | Swamp:2  | Killed a thorn hunter
 39914 | Swamp:2  | Noticed a thorn hunter
 39922 | Swamp:2  | Killed a thorn hunter
 40060 | Swamp:2  | Got the Papyrus of Ignition
 40595 | Swamp:3  | Reached XP level 17. HP: 104/104 MP: 35/39
 41081 | Swamp:3  | Identified the -2 pair of boots of Distant Worlds {rC+++
                  | Regen+ Int+5 Slay-2}
 41236 | Swamp:4  | Entered Level 4 of the Swamp
 42105 | Swamp:4  | Offered knowledge of Ozocubu's Refrigeration by Vehumet.
 42110 | Swamp:4  | Noticed the 27-headed Lernaean hydra
 42120 | Swamp:4  | Killed the 27-headed Lernaean hydra
 42846 | Swamp:4  | Got a decaying rune of Zot
 43194 | Snake:1  | Entered Level 1 of the Snake Pit
 44133 | Snake:1  | Identified the +0 chain mail of the Pirate {+Blink}
 44322 | Snake:1  | Reached skill level 15 in Fire Magic
 44460 | Snake:2  | Reached XP level 18. HP: 112/112 MP: 41/41
 45014 | Snake:2  | Found Goxurch's Armour Boutique.
 45064 | Snake:2  | Reached skill level 15 in Conjurations
 46176 | Snake:2  | Noticed Vashnia
 46183 | Snake:2  | Killed Vashnia
 47028 | Snake:3  | Offered knowledge of Ignition by Vehumet.
 47062 | Snake:2  | Learned a level 8 spell: Ignition
 47455 | Snake:3  | Noticed Louise
 47459 | Snake:3  | Killed Louise
 47787 | Snake:3  | Learned a level 9 spell: Fire Storm
 47839 | Snake:3  | Found Orghaebbo's Antique Armour Shoppe.
 47847 | Snake:3  | Found Xiogirgh's Magic Scroll Emporium.
 48728 | Snake:4  | Entered Level 4 of the Snake Pit
 49912 | Snake:4  | Offered knowledge of Shatter by Vehumet.
 49912 | Snake:4  | Offered knowledge of Chain Lightning by Vehumet.
 49912 | Snake:4  | Offered knowledge of Polar Vortex by Vehumet.
 50175 | Snake:4  | Reached XP level 19. HP: 97/117 MP: 25/43
 51233 | Snake:4  | Got a serpentine rune of Zot
 51782 | Vaults:1 | Entered Level 1 of the Vaults
 51809 | Vaults:1 | Found a flickering gateway to a bazaar.
 51815 | Bazaar   | Entered a bazaar
 51816 | Bazaar   | Found Darodemyu's Antique Weapon Shoppe.
 51823 | Bazaar   | Found Zupi's Antique Weapon Shoppe.
 51831 | Bazaar   | Found Nametofe's Book Emporium.
 51842 | Bazaar   | Found Qungaex's Assorted Antiques.
 52106 | Vaults:1 | HP: 6/133 [dire elephant[an ironbound beastmaster] (33)]
 54370 | Vaults:1 | Upgraded the game from 0.28-a0-105-g49a0850c41 to
                  | 0.28-a0-108-g844de0d849
 54904 | Vaults:2 | Reached XP level 20. HP: 94/124 MP: 33/45
 55568 | Vaults:2 | Found a staircase to the Crypt.
 56646 | Vaults:2 | Identified the +5 shortbow "Tunahoty" {venom, rC- rCorr
                  | Str+3 Dex+3}
 57424 | Vaults:2 | Noticed Margery
 57685 | Vaults:1 | Learned a level 9 spell: Chain Lightning
 57885 | Vaults:2 | Identified the +6 plate armour "Oneth" {-Tele rN+ Str+4
                  | Dex+2}
 58214 | Vaults:2 | Killed Margery
 59126 | Vaults:3 | Shot with a bolt by a yaktaur captain

Illustrated notes

Levels and vault maps discovered:
D:1:      dpeg_arrival_rooms_b, layout_basic,
          shapermc_ecumenical_altar_acropolis, serial_forest,
          infiniplex_forest_clump_small, infiniplex_forest_clump_medium,
          infiniplex_forest_zigzag_2, infiniplex_forest_straight_2,
          infiniplex_forest_end_2, infiniplex_forest_clump_diagonal,
          serial_bayou_pond_b, minmay_misc_feat_pillars, nrook_campfire
D:2:      layout_basic
D:3:      layout_basic, minivault_25, minmay_misc_feat_alley
D:4:      layout_basic, temple_statues
D:5:      layout_loops_corners, gammafunk_ghost_icy, minmay_statues_item,
          uniq_pikel
D:6:      layout_rooms, minmay_misc_feat_rugged
D:7:      layout_rooms, grunt_ministairs_3, minivault_25,
          kennysheep_pointless_box
D:8:      layout_basic, enter_bailey_3, uniq_harold
D:9:      layout_loops_cross, mainiacjoe_overflow_catwalk,
          roderic_three_in_a_row, hangedman_decor_push, uniq_erica, uniq_maurice
D:10:     layout_roguey, serial_shops, nicolae_square_shop,
          kennysheep_generic_room_12
D:11:     layout_gridville, minmay_lair_entry_grove, david_orc_4, special_room
          [special_room_bee], kb_rosetta
D:12:     layout_rooms, minmay_misc_feat_diagonals
D:13:     layout_loops_corners, skrybe_vaults_entry_preservation,
          minmay_tree_intersection
D:14:     layout_long_grid, gammafunk_ghost_hydra_chop, palyth_stone_intersect,
          uniq_nessos, uniq_roxanne
D:15:     hangedman_depths_entry_civil_slaughter, layout_loops_ring,
          minivault_27, uniq_azrael
Temple:   regret_index_temple_sigil_plot
Lair:1:   layout_cave_pods
Lair:2:   layout_regular_city, uniq_nergalle, uniq_sonja
Lair:3:   layout_cave_pods, guppyfry_snake_entry_island
Lair:4:   layout_gridlike, skrybe_swamp_entry_bodies,
          infiniplex_staircase_pool_2, grunt_megastairs_5
Lair:5:   layout_concentric_octagons, slime_altar_1,
          nicolae_quartered_pool_super, amcnicky_altar_lugonu_corruption,
          infiniplex_staircase_pool, uniq_urug
Lair:6:   gammafunk_lair_ancient_temple, layout_regular_city
Swamp:1:  layout_basic_swamp, serial_swamp_ruin, evilmike_swamp_ruin_house_6,
          evilmike_swamp_ruin_house_4, swamp_pool3, grunt_hermit_hut, uniq_kirke
Swamp:2:  nicolae_swamp_phyte_club, layout_basic_swamp,
          evilmike_swamp_ruin_house_5
Swamp:3:  layout_basic_swamp, nicolae_swamp_triple_paths
Swamp:4:  swamp_old_school, layout_basic_swamp
Snake:1:  layout_basic, grunt_megastairs_1
Snake:2:  layout_chambers, minmay_shop_star, uniq_vashnia
Snake:3:  layout_basic, grunt_megastairs_2, minmay_shoptagon,
          serial_bayou_shore_b, uniq_louise
Snake:4:  hellmonk_snake_rune_quicksilver_temple, layout_rooms,
          hangedman_corner_corridor
Orc:1:    nicolae_orc_accident_3, layout_caves, uniq_jorgrun, uniq_gastronok
Orc:2:    st_orc_congregation, layout_caves, serial_shops, nicolae_square_shop,
          ebering_ghost_reflecting_pool, nicolae_shop_overcharged_wands,
          uniq_snorg, uniq_saint_roka
Vaults:1: st_diamondy, nicolae_vaults_specimen_jars,
          vaults_standard_mumra_enter_the_diamond, dpeg_vaults_monster_box,
          vaults_dpeg_spiral, v_misc_10, nicolae_vaults_three_branches,
          v_rooms_4, hangedman_vaults_slither, grunt_vaults_focal,
          layout_vaults_omnibox, serial_shops, bzr_entry_gold
Vaults:2: hangedman_vaults_nodes, vaults_room_hallway, v_alt_pattern_3,
          vaults_mumra_minichess_inversion, nicolae_vaults_ring_of_whatevers,
          nicolae_vaults_border_crossing, st_squares, v_misc_13,
          hangedman_vaults_cutoff, v_misc_10, grunt_vaults_hallway_short,
          hangedman_vaults_slice, layout_vaults_omnigrid, uniq_margery
Vaults:3: vaults_room_octagon, nicolae_vaults_yaktaur_gun_rack, v_misc_5,
          v_rooms_6, nicolae_vaults_little_squares_3, vaults_dpeg_ring,
          nicolae_vaults_network_square, serial_ice_b,
          ontoclasm_vaults_claustrophobia, vaults_room_corners,
          nicolae_vaults_mini_display_case, grunt_vaults_diagonal,
          nicolae_vaults_rhombus_6, vaults_room_pools, layout_vaults_omnicross,
          serial_shops, shop

Skill      XL: |  1  2  3  4  5  6  7  8  9 10 11 12 13 14 15 16 17 18 19 20 |
---------------+-------------------------------------------------------------+-----
Fighting       | 1 2 3 4 5 6 7 8 9 10 11 12 13 | 13.6
Dodging        | 3 4 5 6 7 8 9 11 12 13 14 15 | 15.0
Conjurations   | 2 3 4 5 6 7 8 10 11 12 13 14 15 16 17 | 17.1
Spellcasting   | 4 5 7 8 9 10 12 13 14 15 16 17 18 19 | 19.7
Shields        | 1 2 3 4 |  4.0
Air Magic      | 4 5 6 7 8 9 10 11 12 13 14 | 14.5
Fire Magic     | 3 5 6 8 9 10 11 13 15 16 18 19 | 19.2
Stealth        | |  2.4

Action                   |  1- 3 |  4- 6 |  7- 9 | 10-12 | 13-15 | 16-18 | 19-21 || total
-------------------------+-------+-------+-------+-------+-------+-------+-------++-------
Melee: Unarmed           |     3 |       |       |       |       |       |       ||     3
       Hand axe          |   297 |       |    34 |       |       |       |       ||   331
       Staff             |       |       |     1 |     1 |     2 |    10 |     1 ||    15
 Cast: Shock             |    82 |   105 |   166 |       |       |       |       ||   353
       Foxfire           |       |       |   122 |    50 |       |       |       ||   172
       Poisonous Vapours |       |       |     6 |       |       |       |       ||     6
       Lightning Bolt    |       |       |     1 |   268 |   200 |    93 |   110 ||   672
       Fireball          |       |       |       |       |   299 |   617 |   276 ||  1192
       Freezing Cloud    |       |       |       |       |     2 |       |       ||     2
       Irradiate         |       |       |       |       |     2 |       |       ||     2
       Ignition          |       |       |       |       |       |     2 |       ||     2
       Chain Lightning   |       |       |       |       |       |       |     3 ||     3
  Use: Scroll            |       |     9 |     8 |     9 |    14 |     6 |     5 ||    51
       Potion            |       |       |     6 |     5 |       |     1 |     4 ||    16
Armor: Robe              |     2 |     6 |    23 |    20 |    34 |    26 |    13 ||   124
       Steam dragon scal |       |       |     8 |       |       |       |       ||     8
Dodge: Dodged            |     4 |    20 |   106 |   106 |    90 |    99 |    50 ||   475
Block: Buckler           |       |       |     9 |    34 |    25 |    43 |    19 ||   130

Table legend: (Time is in decaauts)
 A = Elapsed time spent in this place.
 B = Non-inter-level travel time spent in this place.
 C = Inter-level travel time spent in this place.
 D = Time resting spent in this place.
 E = Time spent auto-exploring this place.
 F = Levels seen in this place.
 G = Mean time per level.
                   A        B        C        D        E       F      G
               +--------+--------+--------+--------+--------+-----+--------+
         Total |  59667 |  55820 |   3847 |  14884 |  27218 |  37 | 1612.6 |
       Dungeon |  24120 |  22372 |   1748 |   4109 |  13652 |  15 | 1608.0 |
        Temple |    326 |    307 |     19 |      0 |    283 |   1 |  326.0 |
          Lair |   9544 |   8616 |    928 |   2780 |   4371 |   6 | 1590.7 |
         Swamp |   5256 |   5027 |    229 |   1844 |   2008 |   4 | 1314.0 |
     Snake Pit |   8196 |   7820 |    376 |   2395 |   3722 |   4 | 2049.0 |
  Orcish Mines |   4396 |   4118 |    278 |   1517 |   1624 |   2 | 2198.0 |
        Vaults |   7174 |   6906 |    268 |   2185 |   1300 |   3 | 2391.3 |
        Bazaar |     73 |     73 |      0 |      0 |      6 |   1 |   73.0 |
        Bailey |    578 |    578 |      0 |     54 |    251 |   1 |  578.0 |
               +--------+--------+--------+--------+--------+-----+--------+

Top non-repeatable levels by time:
Vaults:2: 4092 daAuts
    D:11: 3166 daAuts
 Snake:3: 2804 daAuts
 Snake:2: 2641 daAuts
Vaults:1: 2522 daAuts
   Orc:2: 2470 daAuts
     D:6: 2143 daAuts
    D:13: 2136 daAuts
  Lair:5: 2006 daAuts
    D:10: 1949 daAuts
   Orc:1: 1925 daAuts
     D:1: 1828 daAuts
    D:15: 1798 daAuts
    D:14: 1766 daAuts
     D:5: 1744 daAuts
